 Dungeon Sprint DCSS version 0.31.0-11-ge490571c62 (webtiles) character file.

Game seed: 1595449462625693113

48 boopmooplesden the Covered (level 5, -3/48 HPs)
             Began as an Armataur Fighter on Feb 1, 2024.
             Was a Believer of Trog.
             Slain by a wolf (5 damage)
             ... in the Dungeon (Sprint VI: "Thunderdome").
             The game lasted 00:01:55 (473 turns).

boopmooplesden the Covered (Armataur Fighter)        Turns: 473, Time: 00:01:55

Health: -3/48      AC:  8    Str: 24    XL:     5   Next: 81%
Magic:  14/14      EV:  8    Int:  8    God:    Trog [**....]
Gold:   145        SH:  6    Dex: 17    Spells: 4/4 levels left

rFire   x . .        a - +0 long sword
rCold   + . .        c - +0 buckler
rNeg    . . .        b - +0 scale mail
rPois   +            (no helmet)
rElec   +            (no cloak)
rCorr   +            (no gloves)
SInv    .            (no barding)
Will    .....        p - amulet of Anarchy {RegenMP rPois} Stlth
                     o - ring of Rexelun {Fly rElec MP+9 Str+3}
HPRegen 0.28/turn    q - ring of Erouduq Kenn {rF- rC+ rCorr Dex+5}
MPRegen 0.54/turn

%: no teleportation, roll
@: flying
A: large, deformed body, tough skin 3, armoured tail, roll 1
a: Renounce Religion, Berserk, Trog's Hand


You were in the Dungeon.
You worshipped Trog.
Trog was pleased with you.
You visited 1 branch You collected 280 gold pieces.
You spent 135 gold pieces at shops.

Inventory:

Hand Weapons
 a - a +0 long sword (weapon)
Armour
 b - a +0 scale mail (worn)
 c - a +0 buckler (worn)
Jewellery
 o - the ring of Rexelun (left hand) {Fly rElec MP+9 Str+3}
   (You bought it in a shop in the Dungeon)

   [ring of magical power]

   Str+3:     It affects your strength (+3).
   rElec:     It insulates you from electricity.
   MP+9:      It affects your magic capacity (+9).
   Fly:       It grants you flight.
 p - the amulet of Anarchy (around neck) {RegenMP rPois}
   (You bought it in a shop in the Dungeon)

   [amulet of magic regeneration]

   RegenMP:   It increases your rate of magic regeneration.
   rPois:     It protects you from poison
 q - the ring of Erouduq Kenn (right hand) {rF- rC+ rCorr Dex+5}
   (You bought it in a shop in the Dungeon)

   [ring of protection from cold]

   Dex+5:     It affects your dexterity (+5).
   rF-:       It makes you vulnerable to fire.
   rC+:       It protects you from cold.
   rCorr:     It protects you from acid and corrosion.
Wands
 l - a wand of acid (5)
 m - a wand of roots (5)
Scrolls
 j - 4 scrolls of blinking
 n - 3 scrolls of fog
Potions
 d - a potion of might
 e - a potion of curing
 f - 3 potions of heal wounds
 g - 4 potions of haste
 h - 2 potions of magic
 i - a potion of berserk rage
 k - a potion of resistance


   Skills:
 + Level 5.3 Fighting
 + Level 6.7 Long Blades
 + Level 7.7 Armour
 + Level 2.0 Dodging
 + Level 0.7 Stealth
 + Level 6.5 Shields


You had 4 spell levels left.
You didn't know any spells.
Your spell library was empty.

Dungeon Overview and Level Annotations

Branches:
Dungeon (1/1)

Altars:
Cheibriados
Dithmenos
Fedhas
Gozag
Kikubaaqudgha
Makhleb
Okawaru
Qazlal
Ru
Sif Muna
Trog
Uskayaw
Vehumet
Wu Jian
Xom
Yredelemnul
Zin
The Shining One
Lugonu

Shops:
D *[=??*?*:[((!!!!


Innate Abilities, Weirdness & Mutations

Armour fits poorly on your strangely shaped body.
You have extremely tough skin. (AC +3)
You have a long armoured tail.
You regenerate magic when rolling toward enemies. (Rampage MPRegen)


Message History

You barely miss the wolf.
Your tail-slap misses the wolf.
The wolf bites you. x2
You barely miss the wolf.
Your tail-slap misses the wolf.
The wolf completely misses you. The wolf closely misses you.
You slash the wolf!
The wolf is heavily wounded.
You block the wolf's attack. x2
You miss the wolf.
You tail-slap the wolf, but do no damage.
The wolf is heavily wounded.
The wolf bites you but does no damage.
You closely miss the wolf.
You tail-slap the wolf, but do no damage.
The wolf is heavily wounded.
The wolf bites you but does no damage. The wolf bites you.
You closely miss the wolf.
Your tail-slap misses the wolf.
The wolf is heavily wounded.
The wolf barely misses you. The wolf bites you.
You barely miss the wolf.
The wolf is heavily wounded.
You block the wolf's attack.
The wolf pauses to sniff the ground.
You block the wolf's attack.
You hit the wolf but do no damage.
The wolf is heavily wounded.
The wolf bites you! The wolf bites you.
* * * LOW HITPOINT WARNING * * *
You barely miss the wolf.
You tail-slap the wolf, but do no damage.
The wolf is heavily wounded.
The wolf bites you.
* * * LOW HITPOINT WARNING * * *
You block the wolf's attack.
You miss the wolf.
The wolf is moderately wounded.
The wolf closely misses you. The wolf bites you.
* * * LOW HITPOINT WARNING * * *
You miss the wolf.
Your tail-slap misses the wolf.
The wolf is moderately wounded.
The wolf bites you but does no damage. The wolf bites you.
You die...

#_......._#
###.........###
#⌠...........⌠#
##.8.........8.######
.......###......___∩##
....÷8.# #.8........∩###
.......###.............##
....###...###...h......⌠#
....# #.<.# #...@......⌠#
÷...###...###..........⌠#
.......###...).........##
..÷..8.# #.8........∩###
_...†..###.†....___∩##
##.8.........8.######
#⌠...........⌠#
###.........###
#_......._#


You could see a wolf.

Vanquished Creatures
  A hell hound (D)
  A wolf (D)
  6 adders (D)
  An endoplasm (D)
  A goblin (D)
  A quokka (D)
  A bat (D)
12 creatures vanquished.

Notes
Turn   | Place    | Note
-------+----------+-------------------------------------------
     0 | D        | boopmooplesden the Armataur Fighter began the quest for the
                  | Orb.
     0 | D        | Reached XP level 1. HP: 18/18 MP: 1/1
     0 | D        | Found an iron altar of Okawaru.
     0 | D        | Found a shimmering blue altar of Sif Muna.
     4 | D        | Found a glowing golden altar of the Shining One.
     5 | D        | Found a blossoming altar of Fedhas.
     5 | D        | Found a basalt altar of Yredelemnul.
     5 | D        | Round 1.
     6 | D        | Found a sacrificial altar of Ru.
     6 | D        | Found a glowing silver altar of Zin.
     7 | D        | Found Izuil's Timeless Talismans.
     7 | D        | Found a stormy altar of Qazlal.
     7 | D        | Found Noduow's Identification Station.
     8 | D        | Found Lorpheseo's Jewellery.
     8 | D        | Found Raona Heagg's Advanced Armour.
    20 | D        | Bought a smoking copper ring for 45 gold pieces
    20 | D        | Identified the ring of Rexelun {Fly rElec MP+9 Str+3} (You
                  | bought it in a shop in the Dungeon)
    20 | D        | Bought an ancient ivory amulet for 45 gold pieces
    20 | D        | Identified the amulet of Anarchy {RegenMP rPois} (You
                  | bought it in a shop in the Dungeon)
    20 | D        | Bought a pitted golden ring for 45 gold pieces
    20 | D        | Identified the ring of Erouduq Kenn {rF- rC+ rCorr Dex+5}
                  | (You bought it in a shop in the Dungeon)
    33 | D        | Found a shimmering altar of Xom.
    33 | D        | Found Utyugh's Magic Scroll Shop.
    35 | D        | Found an opulent altar of Gozag.
    35 | D        | Found Idujeph's Staff Store.
    35 | D        | Found Uchycsyatu's Magic Scroll Shop.
    35 | D        | Found Misity's Must-Have Magic.
    39 | D        | Found a shadowy altar of Dithmenos.
    40 | D        | Found a corrupted altar of Lugonu.
    43 | D        | Found a bloodstained altar of Trog.
    44 | D        | Found Wuconiz's Distillery.
    57 | D        | Reached skill level 4 in Armour
    61 | D        | Found a snail-covered altar of Cheibriados.
    61 | D        | Found an ornate altar of the Wu Jian Council.
    61 | D        | Found Eteusme's Do-It-Yourself Clinic.
    62 | D        | Found Oramim's Distillery.
    62 | D        | Found Vuna's Bottled Wisdom.
    69 | D        | Became a worshipper of Trog the Wrathful
    75 | D        | Found a hide-covered altar of Uskayaw.
    77 | D        | Found an ancient bone altar of Kikubaaqudgha.
    77 | D        | Found a radiant altar of Vehumet.
    77 | D        | Found a burning altar of Makhleb.
    77 | D        | Found Rishipau's Weapon Rack.
    77 | D        | Found Uffiedaidgh's Premium Goods.
    78 | D        | Found Weffaeff's Basic Armour.
    78 | D        | Found Asic's Miscellaneous Merchandise.
    92 | D        | Reached XP level 2. HP: 26/26 MP: 2/2
   146 | D        | Reached * piety under Trog
   146 | D        | Arena points: 12 (+12) [x2]
   201 | D        | Round 2.
   210 | D        | Reached skill level 5 in Armour
   229 | D        | Reached XP level 3. HP: 33/33 MP: 3/3
   285 | D        | Reached ** piety under Trog
   286 | D        | Reached skill level 5 in Shields
   343 | D        | Arena points: 48 (+36) [x3]
   394 | D        | Round 3.
   403 | D        | Noticed a hell hound
   419 | D        | Killed a hell hound
   420 | D        | Reached skill level 5 in Long Blades
   420 | D        | Reached skill level 7 in Armour
   420 | D        | Reached skill level 1 in Dodging
   420 | D        | Reached XP level 4. HP: 41/41 MP: 4/4
   420 | D        | Reached XP level 5. HP: 47/47 MP: 5/5
   420 | D        | Noticed a wolf
   434 | D        | Killed a wolf
   435 | D        | Reached skill level 5 in Fighting
   458 | D        | Noticed a wolf
   472 | D        | HP: 2/48 [wolf (6)]
   473 | D        | Slain by a wolf

Illustrated notes

Levels and vault maps discovered:
D:        arena_sprint

Skill      XL: |  1  2  3  4  5 |
---------------+----------------+-----
Armour         | 4 5 7 |  7.7
Fighting       | 3 4 5 |  5.3
Long Blades    | 2 3 5 6 |  6.7
Shields        | 4 6 |  6.5
Dodging        | 1 2 |  2.0
Stealth        | |  0.7

Action                     |  1- 3 |  4- 6 || total
---------------------------+-------+-------++-------
  Melee: Long sword        |    59 |    21 ||    80
         Tailslap          |     1 |     5 ||     6
 Invoke: Berserk           |     1 |       ||     1
    Use: Potion            |       |     1 ||     1
 Armour: Scale mail        |    49 |    29 ||    78
  Dodge: Dodged            |    26 |     9 ||    35
  Block: Buckler           |    16 |    10 ||    26
